AoeStats
← Green Assassin

Coastal Forest

503217499Analyzed
4v4 RM · 1mo ago on Aug 30, 2026· 41m 26s· 8 players
Game mode
Random Map
Map size
Large (8 player)
Population
200
Speed
Normal
Resources
Standard
Victory
Conquest
Starting age
Dark Age
Ending age
Imperial Age
RankedLock teamsTeams togetherTeam positionsShared explorationLock speedFull tech treeHidden civsTurbo modeCheats
Victory
Defeat
🇫🇷 Tatars · France
1292
+13
🇪🇸 Magyars · Spain
1248
+15
🇩🇪 Mongols · Germany
1224
+16
🇲🇽 Maya · Mexico
1218
+16
1253
-16
🇲🇽 Franks · Mexico
1226
-15
1212
-14
🇲🇽 Cumans · Mexico
1191
-14
Note1984
11:00 Feudal Age
11:43 Double-Bit Axe
12:04 Horse Collar
14:47 Bloodlines
19:01 Castle Age
18:50 Scale Barding Armor
21:58 Husbandry
23:48 Wheelbarrow
24:30 Chain Barding Armor
24:54 Loom
26:58 Fletching
27:30 Bow Saw
27:31 Fishing Lines
28:08 Heavy Plow
28:08 Town Watch
30:53 Bodkin Arrow
31:31 Gillnets
31:51 Gold Mining
32:00 Stone Mining
34:55 Hand Cart
34:41 Town Patrol
40:43 Imperial Age
40:47 Cavalier
SenorLeyenda561
0:28 Loom
11:34 Feudal Age
17:00 Castle Age
15:25 Double-Bit Axe
19:17 Wheelbarrow
18:29 Town Watch
18:26 Horse Collar
26:32 Heavy Plow
27:35 Pikeman
29:07 Gold Mining
29:07 Eagle Warrior
33:02 Imperial Age
31:05 Squires
30:50 Arson
31:20 Forging
31:10 Scale Mail Armor
31:58 Hand Cart
31:44 Town Patrol
32:37 Iron Casting
32:31 Stone Mining
33:22 Chain Mail Armor
33:11 Padded Archer Armor
34:19 Holcans
34:11 Conscription
34:25 Crop Rotation
33:26 Capped Ram
36:09 Blast Furnace
35:41 Plate Mail Armor
34:55 Siege Ram
36:45 Fletching
36:18 Elite Eagle Warrior
38:07 Bow Saw
37:27 Halberdier
Green Assassin
0:26 Loom
10:15 Feudal Age
21:12 Castle Age
19:42 Fletching
20:03 Double-Bit Axe
21:00 Bloodlines
20:58 Gold Mining
22:34 Wheelbarrow
22:52 Bodkin Arrow
23:03 Husbandry
23:48 Horse Collar
24:21 Padded Archer Armor
27:55 Leather Archer Armor
28:42 Ballistics
29:24 Bow Saw
32:51 Thumb Ring
35:57 Imperial Age
34:43 Stone Mining
36:42 Bracer
38:39 Chemistry
LRC
7:19 Loom
10:13 Feudal Age
12:52 Wheelbarrow
12:19 Double-Bit Axe
15:22 Fletching
22:35 Castle Age
21:03 Horse Collar
22:57 Padded Archer Armor
22:39 Crossbowman
23:25 Bodkin Arrow
28:46 Bow Saw
29:07 Heavy Plow
32:58 Town Watch
37:54 Leather Archer Armor
40:19 Ballistics
El Hijo de Zalvakky Jr. Dark
8:25 Loom
10:36 Feudal Age
15:56 Castle Age
17:20 Fletching
20:50 Fletching
23:03 Bodkin Arrow
27:04 Padded Archer Armor
31:40 Ballistics
iamjaairo3000
10:52 Feudal Age
12:12 Double-Bit Axe
14:05 Loom
17:27 Scale Barding Armor
17:32 Forging
19:35 Wheelbarrow
23:10 Castle Age
22:54 Gold Mining
24:23 Chain Barding Armor
24:38 Iron Casting
24:10 Husbandry
El hijo de Airbreaker Jr. Jr.
9:23 Loom
11:18 Feudal Age
9:38 Loom
14:50 Castle Age
13:37 Double-Bit Axe
14:17 Forging
14:03 Horse Collar
15:29 Gold Mining
19:23 Husbandry
20:58 Bloodlines
23:17 Gold Shaft Mining
26:32 Scale Barding Armor
27:23 Heavy Plow
30:00 Chain Barding Armor
30:15 Iron Casting
32:05 Stone Mining
33:08 Iron Casting
37:38 Stone Shaft Mining
38:25 Bow Saw
43:37 Imperial Age
Tezcatlipoca
7:50 Loom
10:30 Feudal Age
11:30 Double-Bit Axe
17:40 Horse Collar
20:14 Bloodlines
28:32 Scale Barding Armor
28:37 Forging
30:31 Castle Age
29:08 Wheelbarrow
28:31 Gold Mining
30:57 Light Cavalry
32:00 Chain Barding Armor
32:15 Iron Casting
36:18 Heavy Plow
Connection lost

Rejoining the realm…

Still unreachable

The connection could not be restored.

Session expired

The server has moved on; the page needs a fresh start.